 Dungeon Crawl Stone Soup version 0.19-a0-1155-gb6eeeff (webtiles) character file.

629754 HaroldButt the Talismancer (level 26, 0/228 HPs)
             Began as a Deep Dwarf Gladiator on Aug 10, 2016.
             Was the Champion of Makhleb.
             Slain by a reaper
             ... wielding a +0 scythe of venom
              (17 damage)
             ... in Pandemonium on Aug 13, 2016.
             The game lasted 05:36:55 (52115 turns).

HaroldButt the Talismancer (Deep Dwarf Gladiator)  Turns: 52115, Time: 05:36:55

Health: 0/228      AC: 34    Str: 29      XL:     26   Next: 75%
Magic:  45/45      EV: 22    Int: 14 (15) God:    Makhleb [******]
Gold:   3978       SH:  0    Dex: 25      Spells: 0 memorised, 25 levels left

rFire  + + .     SeeInvis .     T - +10 battleaxe of Ekkuabarr {elec, rElec MR+ Str+2}
rCold  + + .     Gourm    +     J - +4 gold dragon armour
rNeg   + . .     Faith    .     (shield currently unavailable)
rPois  +         Spirit   .     V - +0 helmet of Udokof {Dex+4 Stlth+}
rElec  +         Dismiss  .     j - +2 cloak {+Inv}
rCorr  .         Reflect  .     O - +2 pair of gloves {Str+3}
MR     ++++.     Harm     .     p - +2 pair of boots {Fly}
Stlth  ..........               l - amulet "Quisimus" {Gourm rC+ MP+9 Dex+3 Stlth+}
                                m - ring "Cueph" {rF+ MP+9 Int+4}
                                B - ring of Activism {rPois Str+2 Int+4 Slay+3}

@: flying, non-regenerating
A: damage resistance, recharge devices, deformed body, dopey 2, frail 1, low mp
2, negative energy resistance 1, sense surroundings 3, slow regeneration 3, weak
1, wild magic 1, MP-powered wands
a: Device Recharging, Minor Destruction, Lesser Servant of Makhleb, Major
Destruction, Greater Servant of Makhleb, Renounce Religion, Evoke Invisibility,
Stop Flying
}: 4/15 runes: barnacled, slimy, abyssal, gossamer


You were in Pandemonium.
You worshipped Makhleb.
Makhleb was exalted by your worship.
You were not hungry.

You visited 12 branches of the dungeon, and saw 53 of its levels.
You visited Pandemonium 1 time, and saw 3 of its levels.
You visited the Abyss 1 time.
You also visited: Wizlab.

You collected 7189 gold pieces.
You spent 3211 gold pieces at shops.


Innate Abilities, Weirdness & Mutations

You are resistant to damage.
You can recharge devices by infusing magical energy.
You resist negative energy. (rN+)
You passively map a large area around you.
You do not regenerate naturally.
Armour fits poorly on your strangely shaped body.
You are very dopey. (Int -4)
You are frail. (-10% HP)
Your magical capacity is very low. (-20% MP)
You are weak. (Str -2)
Your spells are a little harder to cast, but a little more powerful.
You expend magic power (3 MP) to strengthen your wands.


   Skills:
 + Level 18.3 Fighting
 - Level 26.0 Axes
 - Level 1.7 Throwing
 - Level 20.1 Armour
 - Level 20.0 Dodging
 - Level 14.0 Invocations
 O Level 27 Evocations


You had 25 spell levels left.
You didn't know any spells.

Inventory:

Hand Weapons
 v - a +6 vampiric executioner's axe
 T - the +10 battleaxe of Ekkuabarr (weapon) {elec, rElec MR+ Str+2} Occasionally, upon striking a foe, it will discharge some electrical energy and cause terrible harm. It affects your strength (+2). It insulates you from electricity. It affects your resistance to hostile enchantments.
Missiles
 d - 6 throwing nets (quivered) {=f}
Armour
 j - a +2 cloak of invisibility (worn)
 p - a +2 pair of boots of flying (worn)
 J - a +4 gold dragon armour (worn)
 O - a +2 pair of gloves of strength (worn)
 V - the +0 helmet of Udokof (worn) {Dex+4 Stlth+}

   It affects your dexterity (+4).
   It makes you more stealthy.
Jewellery
 l - the amulet "Quisimus" (around neck) {Gourm rC+ MP+9 Dex+3 Stlth+}

   [amulet of the gourmand]

   It allows you to eat raw meat even when not hungry.
   It affects your dexterity (+3).
   It protects you from cold.
   It affects your magic capacity (+9).
   It makes you more stealthy.
 m - the ring "Cueph" (right hand) {rF+ MP+9 Int+4}

   [ring of protection from fire]

   It affects your intelligence (+4).
   It protects you from fire.
   It affects your magic capacity (+9).
 B - the ring of Activism (left hand) {rPois Str+2 Int+4 Slay+3}

   [ring of poison resistance]

   It affects your strength (+2).
   It affects your intelligence (+4).
   It affects your accuracy and damage with ranged weapons and melee attacks
   (+3).
   It protects you from poison.
 G - the ring of Yhitiraz {+Blink MR+ Int+6}

   [ring of intelligence]

   It affects your intelligence (+6).
   It affects your resistance to hostile enchantments.
   It lets you blink.
 N - the ring "Kugyrghoe" {rElec rN+, unknown}

   [ring of positive energy]

   It insulates you from electricity.
   It protects you from negative energy.
Wands
 e - a wand of heal wounds (5/9) {!d@v2}
 h - a wand of disintegration (7/24)
 r - a wand of digging (11/24)
 w - a wand of acid (10/15)
 A - a wand of teleportation (6/9) {!d@v4}
 C - a wand of iceblast (6/15)
 E - a wand of disintegration (13/24)
 P - a wand of paralysis (10/24)
 R - a wand of heal wounds (6/9) {!d@v2}
 X - a wand of iceblast (9/15)
Scrolls
 i - 10 scrolls of magic mapping
 n - a scroll of silence {!r}
 o - a scroll of summoning
 s - 7 scrolls of identify {@r1}
 y - 8 scrolls of fog
 D - 26 scrolls of remove curse
 I - 8 scrolls of fear
 K - 11 scrolls of teleportation {@r4}
 S - 4 scrolls of holy word
 W - 3 scrolls of brand weapon
 Y - 4 scrolls of blinking
Potions
 k - 24 potions of curing {@q1}
 x - a potion of ambrosia
 F - 3 potions of resistance
 H - 4 potions of agility
 L - 2 potions of haste {@q3}
 M - 2 potions of might
 Q - 3 potions of cancellation
 U - 7 potions of heal wounds {@q2}
Miscellaneous
 b - a lamp of fire
 t - a phial of floods
 z - a disc of storms
Comestibles
 a - a royal jelly
 c - 6 beef jerkies
 f - 24 bread rations
 g - 22 meat rations
 q - 8 fruits
 u - 16 slices of pizza

Dungeon Overview and Level Annotations

Branches:
Dungeon (15/15)            Temple (1/1) D:5            Lair (6/6) D:11
 Shoals (4/4) Lair:2       Spider (4/4) Lair:4        Slime (5/5) Lair:5
    Orc (2/2) D:12            Elf (3/3) Orc:2        Vaults (4/5) D:13
  Crypt (3/3) Vaults:2       Tomb (1/3) Crypt:3      Depths (5/5) D:15
    Zot (0/5) Depths:5

Altars:
Ashenzari
Cheibriados
Dithmenos
Elyvilon
Fedhas
Gozag
Kikubaaqudgha
Makhleb
Nemelex Xobeh
Okawaru
Pakellas
Ru
Sif Muna
Trog
Uskayaw
Vehumet
Xom
Yredelemnul
Zin
Beogh
Jiyva
Lugonu

Shops:
D:5 (   Orc:1 *   Orc:2 =[%=   Elf:1 [   Shoals:2 [   Shoals:4 :   Vaults:1 ?
Vaults:3 }   Depths:2 ==}   Depths:4 %

Portals:
Hell: Depths:1 Depths:2 Depths:3 Depths:4 Depths:5
Abyss: Depths:2 Depths:3 Depths:4
Pandemonium: Depths:3
Ziggurat: Depths:5
Trove: D:15 (give +3 shadow dragon armour)

, , , , + , , ,
,, , , + .+ , ░
▒ ░ ,,, ,.▒ , ,
▒. , ░..▒ , , ░
+
▒..▒▒▒▒▒▒▒..▒▒▒
░ ░
▒...2..........,
,
▒..............,
,, ,,
▒.....g........,
,,
▒..............
░
▒..............
▒▒▒▒▒▒▒▒▒▒▒▒▒▒▒
░ , , , ,, , , ,
,,, , , , , , ,,
,, , ,, , , , ,
, , ,,


You could see a reaper.


Message History

* * * LOW HITPOINT WARNING * * *
The sun demon closely misses you.
The tormentor calls on the powers of darkness!
Your body is wracked with pain!
* * * LOW HITPOINT WARNING * * *
The sun demon hits you.
* * * LOW HITPOINT WARNING * * *
You are engulfed in flames.
You resist.
There is a gate leading to another region of Pandemonium here.
The sun demon completely misses you.
You pass into a different region of Pandemonium.
A reaper comes into view. It is wielding a scythe of venom.
You slice the sun demon!!
The sun demon is heavily wounded.
The sun demon completely misses you.
You slice the sun demon!!
The sun demon is severely wounded.
The sun demon barely misses you.
You hit the sun demon.
The sun demon is almost dead.
The sun demon hits you but does no damage.
You closely miss the sun demon.
The sun demon is almost dead.
You slice the sun demon!!
You kill the sun demon!
Makhleb accepts your kill.
You feel better.
The reaper hits you from afar with a scythe of venom!!
You die...

Action                   |  1- 3 |  4- 6 |  7- 9 | 10-12 | 13-15 | 16-18 | 19-21 | 22-24 | 25-27 || total
-------------------------+-------+-------+-------+-------+-------+-------+-------+-------+-------++-------
Melee: War axe           |    99 |   140 |   452 |   375 |       |       |       |       |       ||  1066
       Battleaxe         |       |       |       |   232 |  1382 |  1151 |  1217 |   634 |   916 ||  5532
       Executioner's axe |       |       |       |       |       |       |   254 |   655 |       ||   909
Invok: Greater Servant o |       |       |       |     1 |       |     2 |     1 |       |       ||     4
       Major Destruction |       |       |       |     6 |     7 |       |       |       |       ||    13
 Abil: Device Recharging |       |       |       |       |     1 |     1 |     1 |     2 |       ||     5
       Stop Flying       |       |       |       |       |       |       |       |     1 |       ||     1
       Evoke Flight      |       |       |       |       |       |       |       |     1 |       ||     1
Evoke: Wand              |       |     4 |     3 |    12 |    11 |    27 |    41 |     7 |     2 ||   107
       Disc of storms    |       |       |       |       |     1 |    57 |    65 |    61 |    27 ||   211
       Sack of spiders   |       |       |       |       |       |     1 |       |       |       ||     1
       Lamp of fire      |       |       |       |       |       |     1 |     6 |    12 |     3 ||    22
       Phial of floods   |       |       |       |       |       |       |       |     7 |     1 ||     8
  Use: Scroll            |       |       |    25 |     9 |    22 |    16 |    17 |    11 |     4 ||   104
       Potion            |       |       |       |     2 |     4 |     2 |    11 |     3 |     4 ||    26
 Stab: Sleeping          |       |       |       |       |     8 |     2 |     8 |     3 |       ||    21
       Distracted        |       |       |       |       |     1 |       |     4 |     1 |       ||     6
       Held in net/web   |       |       |       |       |       |     1 |       |       |       ||     1
  Eat: Chunk             |       |     5 |    16 |    15 |    21 |    31 |    28 |    25 |    11 ||   152
       Beef jerky        |       |       |     1 |     1 |     4 |       |       |       |       ||     6
       Fruit             |       |       |       |       |     6 |       |       |    11 |       ||    17
       Royal jelly       |       |       |       |       |     3 |     1 |     2 |       |       ||     6
Armor: Leather armour    |    10 |       |       |       |       |       |       |       |       ||    10
       Chain mail        |    48 |    88 |   279 |    70 |       |       |       |       |       ||   485
       Plate armour      |       |       |       |   348 |   234 |       |       |       |       ||   582
       Ring mail         |       |       |       |       |   257 |   583 |   434 |   201 |       ||  1475
       Ice dragon armour |       |       |       |       |       |       |       |   169 |       ||   169
       Gold dragon armou |       |       |       |       |       |       |       |   127 |   529 ||   656
Dodge: Dodged            |    62 |    75 |   245 |   433 |   935 |  1384 |  1219 |  1206 |   749 ||  6308
Block: Other             |       |       |       |       |    28 |    17 |       |       |       ||    45
       Reflection        |       |       |       |       |     2 |       |       |       |       ||     2

Vault maps used:
D:1:      arrival_zaba_pyramid, minmay_pentomino_s2
D:3:      lemuel_coloured_pillars_altar, first_bread, uniq_iyjb
D:4:      nicolae_overflow_hidden_temple, johnstein_pakellas_dig
D:5:      minmay_opposing_rooms, serial_shops, shop, uniq_menkaure
D:6:      minmay_cornered_nines, okawaru_altar_gauntlet_db, old_standard_altar,
          bloody_trog, basic_altar
D:7:      amethyst_killhole, serial_bayou_pond_c, elyvilon_altar_3
D:8:      nemelex_xobeh_ov_fountains_minmay
D:9:      minitemple, supply_closet_lemuel, uniq_grum
D:10:     minmay_smoke_and_mirrors, grunt_pizzeria
D:11:     lair_0_dummy
D:12:     minmay_bloctagon, minmay_three_doors
D:13:     erik_vaults_1, nicolae_wwwww
D:14:     corexii_leaking_fountain, hex_large
D:15:     gammafunk_depths_entry_grave, hangedman_abyss_or_decor_passed,
          nicolae_trove_entry_diagonal, minivault_1, minmay_misc_feat_roman,
          glass_columns_a, uniq_nessos
Temple:   jpeg_temple_clearing
Lair:2:   elwin_shoals_entry_stream, minivault_23, grunt_megastairs_2,
          uniq_fannar
Lair:3:   beast_lair_carwin_8, grunt_megastairs_4, serial_bayou_shore_a
Lair:4:   spider_nest_entry_web_field
Lair:5:   beast_lair_carwin_large_1, slime_altar_1, uniq_urug
Lair:6:   minmay_lair_end_frog_pond, zaba_antful_of_joy
Shoals:2: serial_shops, shop, centaur_isle
Shoals:4: shoals_end_grunt_garden, shoals_ilsuiw_ice, serial_shops, shop_coins
Spider:1: guppyfry_spider_mini_3, uniq_josephine, uniq_azrael
Spider:3: uniq_louise
Spider:4: johnstein_spider_rune_arachne_lair, nicolae_orb_stairs, uniq_arachne
Slime:2:  cheibrodos_slime_lost_civilization_5
Orc:1:    serial_shops, shop
Orc:2:    st_orc_mages, basic_altar
Elf:1:    serial_shops, nicolae_shop_statue_plus, minmay_elf_demonology,
          minmay_misc_feat_pillars, uniq_asterion
Elf:2:    grunt_ministairs_1, serial_sigils_hangedman_gut, minivault_25
Elf:3:    grunt_elf_hall_branching, basic_altar
Vaults:1: ontoclasm_vaults_gallery, vaults_dpeg_cross, vaults_dpeg_hooks,
          ontoclasm_vaults_shuriken, nicolae_vaults_ring_of_whatevers,
          nicolae_vaults_angled_halls, v_misc_8, v_misc_22, v_misc_15,
          vaults_room_fours, serial_shops, nicolae_shop_trees
Vaults:2: st_spiral_rooms, nicolae_vaults_arrows,
          minmay_crypt_entry_simple_plaza, hangedman_vaults_river_flow,
          v_misc_24, ontoclasm_vaults_ring_large, v_misc_8,
          ontoclasm_vaults_hangar, vaults_room_door_ring, vaults_mumra_hex,
          ontoclasm_vaults_eye, v_pattern_4, ontoclasm_vaults_gateway,
          nicolae_vaults_little_squares_1, nicolae_vaults_angled_halls
Vaults:3: v_misc_2, nicolae_vaults_network_periphery,
          nicolae_vaults_network_star, nicolae_vaults_puzzle_piece,
          hangedman_vaults_nodes, hangedman_vaults_stream, v_misc_16,
          nicolae_vaults_little_squares_4, serial_shops, shop, uniq_bai_suzhen
Vaults:4: nicolae_vaults_diagonal_hallway_8, nicolae_vaults_circle_grid_b,
          hangedman_vaults_pinch, v_misc_29, v_misc_29,
          hangedman_vaults_corner_blocks
Crypt:1:  lemuel_upstairs_altar, uniq_frederick, uniq_jorgrun
Crypt:2:  grunt_deathspiral_small, mu_enter_wizlab_6, basic_stair_grate_trap,
          uniq_saint_roka
Crypt:3:  grunt_crypt_end_deaths_head, uniq_mennas, uniq_boris
Depths:1: minmay_misc_feat_hallway, grunt_hell_entry_dis_grunt,
          minmay_protected_statue, uniq_sojobo, uniq_mara, uniq_aizul
Depths:2: kennysheep_windowed_halls, abyss_entry, lightli_too_deep,
          serial_sigils_hangedman_shear, minmay_staircase_bubble,
          minmay_shop_grove, basic_stair_grate_trap
Depths:3: minmay_sliced_demisemicircle, abyss_entry, nicolae_sextant,
          hell_entry, grunt_pan_entry_in_and_out, serial_bayou_shore_b
Depths:4: cell_vault, abyss_entry_flame_altar, serial_shops, shop, hell_entry,
          corexii_hall_statues_x, minmay_hedge_maze,
          infiniplex_staircase_split_hallway
Depths:5: grunt_x_marks_the_spot, enter_ziggurat_e, nicolae_lava_and_water,
          pf_coc_iceberg, infiniplex_staircase_pool_lava, basic_stair_grate_trap
Abyss:3:  nicolae_abyss_rune_star_stuff
Pan:      evilmike_mini_pan_diamond, reaverb_pan_chaos_star,
          evilmike_mini_pan_pillars, pan_disco_hall, pan_blood_fountain,
          nicolae_pan_sigil_uleosi
WizLab:   wizlab_doroklohe

Notes
Turn   | Place    | Note
-------+----------+-------------------------------------------
     0 | D:1      | HaroldButt the Deep Dwarf Gladiator began the quest for the Orb.
     0 | D:1      | Reached XP level 1. HP: 19/19 MP: 1/1
    22 | D:1      | Reached skill level 4 in Axes
    22 | D:1      | Reached XP level 2. HP: 23/26 MP: 2/2
   428 | D:1      | Reached XP level 3. HP: 20/32 MP: 3/3
   781 | D:2      | Reached skill level 5 in Axes
   885 | D:2      | Reached XP level 4. HP: 6/39 MP: 4/4
  1555 | D:3      | Found an ancient bone altar of Kikubaaqudgha.
  1794 | D:3      | Noticed Ijyb
  1802 | D:3      | Killed Ijyb
  1802 | D:3      | Reached skill level 6 in Axes
  1896 | D:3      | Reached XP level 5. HP: 32/45 MP: 5/5
  2130 | D:5      | Entered Level 5 of the Dungeon
  2144 | D:5      | Reached skill level 7 in Axes
  2247 | D:5      | Found Boosch's Weapon Shoppe.
  2255 | D:5      | Bought a +1 war axe of chopping for 134 gold pieces
  2276 | D:5      | Noticed Menkaure
  2280 | D:5      | Killed Menkaure
  2280 | D:5      | Reached skill level 8 in Axes
  2280 | D:5      | Reached XP level 6. HP: 32/52 MP: 6/6
  2363 | D:5      | Reached skill level 9 in Axes
  2363 | D:5      | Reached XP level 7. HP: 35/58 MP: 7/7
  2393 | D:5      | Found a staircase to the Ecumenical Temple.
  2408 | Temple   | Entered the Ecumenical Temple
  2442 | Temple   | Became a worshipper of Makhleb the Destroyer
  3135 | D:4      | Found a shadowy altar of Dithmenos.
  3285 | D:4      | Reached skill level 10 in Axes
  3317 | D:4      | Reached skill level 2 in Armour
  3604 | D:4      | Found an oddly glowing altar of Pakellas.
  4033 | D:4      | Reached skill level 3 in Armour
  4033 | D:4      | Reached XP level 8. HP: 57/66 MP: 8/8
  4446 | D:6      | Found a shattered altar of Ashenzari.
  4492 | D:6      | Reached skill level 4 in Armour
  4551 | D:6      | Reached * piety under Makhleb
  4626 | D:6      | Found an iron altar of Okawaru.
  4655 | D:6      | Found a sparkling altar of Nemelex Xobeh.
  4679 | D:6      | Reached skill level 5 in Armour
  4861 | D:6      | Found a bloodstained altar of Trog.
  5013 | D:6      | Got a spiked plate armour
  5026 | D:6      | Identified the +1 plate armour of Unnejin {rC- rN+ Regen+ Int+3 Stlth+} (You found it on level 6 of the Dungeon)
  5065 | D:6      | Reached skill level 6 in Armour
  5369 | D:7      | Reached skill level 7 in Armour
  5524 | D:7      | Found a white marble altar of Elyvilon.
  5531 | D:7      | Reached ** piety under Makhleb
  5531 | D:7      | Reached skill level 8 in Armour
  5603 | D:7      | Reached skill level 4 in Dodging
  5603 | D:7      | Gained mutation: You passively map the area around you. [Deep Dwarf growth]
  5603 | D:7      | Reached XP level 9. HP: 49/73 MP: 9/9
  5641 | D:7      | Reached skill level 5 in Dodging
  5768 | D:7      | Reached skill level 6 in Dodging
  6144 | D:8      | Reached skill level 7 in Dodging
  6185 | D:8      | Reached *** piety under Makhleb
  6356 | D:8      | Reached skill level 8 in Dodging
  6509 | D:8      | Reached skill level 9 in Dodging
  6525 | D:8      | Found a sparkling altar of Nemelex Xobeh.
  6620 | D:8      | Reached skill level 1 in Invocations
  6630 | D:8      | Reached skill level 3 in Invocations
  6642 | D:8      | Reached skill level 4 in Invocations
  6819 | D:9      | Reached **** piety under Makhleb
  6886 | D:9      | Noticed Grum
  6897 | D:9      | Reached skill level 5 in Invocations
  6897 | D:9      | Reached XP level 10. HP: 80/80 MP: 13/13
  6900 | D:9      | Reached skill level 6 in Invocations
  6906 | D:9      | Killed Grum
  6926 | D:9      | Found a sacrificial altar of Ru.
  6929 | D:9      | Found an opulent altar of Gozag.
  6930 | D:9      | Found a snail-covered altar of Cheibriados.
  6931 | D:9      | Found a deep blue altar of Sif Muna.
  6933 | D:9      | Found a blossoming altar of Fedhas.
  6986 | D:9      | Reached skill level 7 in Invocations
  7049 | D:9      | Identified a scroll of acquirement
  7193 | D:9      | Reached skill level 8 in Invocations
  7364 | D:10     | Entered Level 10 of the Dungeon
  7404 | D:10     | Reached skill level 9 in Invocations
  7486 | D:10     | Noticed a wizard
  7492 | D:10     | Paralysed by a wizard for 5 turns
  7500 | D:10     | Reached ***** piety under Makhleb
  7504 | D:10     | Killed a wizard
  7504 | D:10     | Reached skill level 10 in Invocations
  7546 | D:10     | Reached skill level 2 in Fighting
  7583 | D:10     | Noticed a wizard
  7592 | D:10     | Killed a wizard
  7592 | D:10     | Reached skill level 3 in Fighting
  7599 | D:10     | Noticed a hill giant
  7613 | D:10     | Killed a hill giant
  7613 | D:10     | Reached skill level 4 in Fighting
  7632 | D:10     | Reached skill level 5 in Fighting
  7667 | D:10     | Noticed a wizard
  7685 | D:10     | Killed a wizard
  7685 | D:10     | Reached XP level 11. HP: 44/97 MP: 18/18
  8029 | D:10     | Noticed a wizard
  8042 | D:10     | Killed a wizard
  8042 | D:10     | Reached skill level 6 in Fighting
  8083 | D:10     | Noticed a wizard
  8094 | D:10     | Killed a wizard
  8227 | D:10     | Noticed a hill giant
  8235 | D:10     | Killed a hill giant
  8235 | D:10     | Reached skill level 7 in Fighting
  8720 | D:11     | Noticed a six-headed hydra
  8834 | D:11     | Noticed a cyan ugly thing
  8855 | D:10     | Killed a cyan ugly thing
  8855 | D:10     | Reached skill level 8 in Fighting
  8888 | D:11     | Found a staircase to the Lair.
  8919 | Lair:1   | Entered Level 1 of the Lair of Beasts
  8944 | Lair:1   | Reached skill level 11 in Axes
  9093 | Lair:1   | Reached skill level 12 in Axes
  9195 | Lair:1   | Noticed an eight-headed hydra
  9200 | Lair:1   | Noticed a blizzard demon
  9589 | Lair:2   | Reached XP level 12. HP: 110/110 MP: 19/19
  9668 | Lair:2   | Found a staircase to the Shoals.
  9674 | Lair:2   | Reached skill level 13 in Axes
  9746 | Lair:2   | Noticed Fannar
  9760 | Lair:2   | Killed Fannar
  9837 | Lair:2   | Reached skill level 14 in Axes
  9849 | Lair:2   | Reached ****** piety under Makhleb
 10596 | Lair:1   | Killed a six-headed hydra
 10596 | Lair:1   | Reached skill level 15 in Axes
 10911 | Lair:3   | Reached skill level 16 in Axes
 11141 | Lair:3   | Noticed HAL9000's ghost (journeyman DrTm)
 11195 | Lair:3   | Reached skill level 11 in Invocations
 11285 | Lair:4   | Reached XP level 13. HP: 61/117 MP: 21/21
 11325 | Lair:4   | Found a hole to the Spider Nest.
 11530 | Lair:4   | Reached skill level 12 in Invocations
 12130 | Lair:5   | Got a transparent ring mail
 12142 | Lair:5   | Identified the +5 ring mail "Suhec" {*Contam rElec Int+2 Dex+4} (You found it on level 5 of the Lair of Beasts)
 12232 | Lair:5   | Noticed Urug
 12248 | Lair:5   | Killed Urug
 12375 | Lair:5   | Found a staircase to the Slime Pits.
 12394 | Lair:5   | Found a viscous altar of Jiyva.
 12809 | Lair:5   | Reached skill level 17 in Axes
 13061 | Lair:6   | Entered Level 6 of the Lair of Beasts
 13061 | Lair:6   | Noticed Sagrath01's ghost (journeyman OpIE)
 13072 | Lair:6   | Killed Sagrath01's ghost
 13389 | Lair:6   | Reached skill level 18 in Axes
 13460 | Lair:6   | Reached skill level 1 in Evocations
 13480 | Lair:6   | Reached skill level 2 in Evocations
 13513 | Lair:6   | Reached skill level 3 in Evocations
 13638 | Lair:6   | Reached skill level 4 in Evocations
 13726 | Lair:6   | Reached skill level 5 in Evocations
 13751 | Lair:6   | Gained mutation: You resist negative energy. (rN+) [Deep Dwarf growth]
 13751 | Lair:6   | Reached XP level 14. HP: 91/126 MP: 22/22
 13800 | Lair:6   | Reached skill level 6 in Evocations
 13889 | Lair:6   | Got a distressingly furry helmet
 13900 | Lair:6   | Identified the +0 helmet of Udokof {Dex+4 Stlth+} (You found it on level 6 of the Lair of Beasts)
 13912 | Lair:6   | Reached skill level 7 in Evocations
 14173 | Lair:6   | Noticed an entropy weaver
 14183 | Lair:6   | Reached skill level 8 in Evocations
 14201 | Lair:6   | Killed an entropy weaver
 14215 | Lair:6   | Reached skill level 9 in Evocations
 14245 | Lair:6   | Noticed an entropy weaver
 14477 | Lair:6   | Killed an entropy weaver
 14477 | Lair:6   | Reached skill level 10 in Evocations
 14911 | Lair:3   | Killed HAL9000's ghost
 16634 | D:12     | Found a staircase to the Orcish Mines.
 16673 | D:12     | Reached skill level 19 in Axes
 17126 | D:12     | Noticed a tengu reaver
 17140 | D:12     | Killed a tengu reaver
 17275 | Orc:1    | Entered Level 1 of the Orcish Mines
 17325 | Orc:1    | Found Uphyvvu's General Store.
 17483 | Orc:1    | Bought a +2 amulet of reflection for 375 gold pieces
 17483 | Orc:1    | Bought a scroll of vulnerability for 112 gold pieces
 17483 | Orc:1    | Bought a potion of resistance for 150 gold pieces
 17498 | Orc:1    | Noticed an orc warlord
 17509 | Orc:1    | Killed an orc warlord
 17757 | Orc:2    | Entered Level 2 of the Orcish Mines
 17758 | Orc:2    | Found a staircase to the Elven Halls.
 18000 | Orc:2    | Found a roughly hewn altar of Beogh.
 18093 | Orc:2    | Reached skill level 20 in Axes
 18223 | Orc:2    | Reached XP level 15. HP: 132/132 MP: 23/23
 18350 | Orc:2    | Found Rappuwo's Antique Armour Boutique.
 18350 | Orc:2    | Found Tananim's Jewellery Shop.
 18358 | Orc:2    | Found Butwan's Jewellery Boutique.
 18358 | Orc:2    | Found Geujiukh's Food Shop.
 18411 | Orc:2    | Bought a pair of runed boots for 130 gold pieces
 18447 | Orc:2    | Bought an uncursed ring of protection from cold for 350 gold pieces
 18739 | D:13     | Found a gate to the Vaults.
 18788 | D:13     | You fall through a shaft for 2 floors!
 18788 | D:15     | Entered Level 15 of the Dungeon
 18789 | D:15     | Reached skill level 9 in Armour
 18836 | D:15     | Noticed Nessos
 18870 | D:15     | Killed Nessos
 18874 | D:15     | Reached skill level 10 in Armour
 18997 | D:15     | Reached skill level 11 in Armour
 19178 | D:15     | Found a staircase to the Depths.
 19316 | D:15     | Found a portal to a secret trove of treasure.
 19534 | D:15     | Reached skill level 12 in Armour
 19740 | D:14     | Reached skill level 10 in Dodging
 20817 | Spider:1 | Entered Level 1 of the Spider Nest
 20817 | Spider:1 | Noticed Azrael
 20839 | Spider:1 | Killed Azrael
 20882 | Spider:1 | Noticed Josephine
 20896 | Spider:1 | Killed Josephine
 20896 | Spider:1 | Reached skill level 11 in Dodging
 21036 | Spider:1 | Reached skill level 13 in Invocations
 21060 | Spider:1 | Reached XP level 16. HP: 140/140 MP: 23/25
 21585 | Spider:2 | Reached skill level 14 in Invocations
 21985 | Spider:2 | Reached skill level 11 in Evocations
 22158 | Spider:2 | Reached skill level 12 in Evocations
 22562 | Spider:3 | Reached skill level 13 in Evocations
 22816 | Spider:3 | Noticed Louise
 22838 | Spider:3 | Killed Louise
 22838 | Spider:3 | Reached skill level 14 in Evocations
 22857 | Spider:3 | Got a heavily runed large shield
 22871 | Spider:3 | Identified the +5 large shield of Xuneal {rC+ MR+} (You took it off Louise on level 3 of the Spider Nest)
 23144 | Spider:4 | Entered Level 4 of the Spider Nest
 23168 | Spider:4 | Noticed Arachne
 23175 | Spider:4 | Reached skill level 15 in Evocations
 23183 | Spider:4 | Killed Arachne
 23494 | Spider:4 | Reached skill level 16 in Evocations
 23543 | Spider:4 | Reached XP level 17. HP: 146/146 MP: 27/27
 23577 | Spider:4 | Reached skill level 17 in Evocations
 23838 | Spider:4 | Got a gossamer rune of Zot
 23892 | Spider:4 | Reached skill level 18 in Evocations
 24436 | Shoals:1 | Entered Level 1 of the Shoals
 24609 | Shoals:1 | Noticed a kraken
 24618 | Shoals:1 | Reached skill level 19 in Evocations
 24626 | Shoals:1 | Killed a kraken
 25358 | Shoals:2 | Reached skill level 20 in Evocations
 25395 | Shoals:2 | Noticed a kraken
 25404 | Shoals:2 | Killed a kraken
 25605 | Shoals:2 | Got a faintly glowing chain mail
 25610 | Shoals:2 | Identified the +6 chain mail of Sif Muna's Whim {rN+ Dex+3} (You found it on level 2 of the Shoals)
 25862 | Shoals:2 | Found Vugh's Antique Armour Emporium.
 25870 | Shoals:2 | Bought a glowing cloak for 171 gold pieces
 26391 | Shoals:3 | Noticed a kraken
 26405 | Shoals:3 | Killed a kraken
 26486 | Shoals:3 | Reached skill level 21 in Evocations
 26724 | Shoals:4 | Entered Level 4 of the Shoals
 26818 | Shoals:4 | Noticed Ilsuiw
 26826 | Shoals:4 | Gained mutation: You passively map a large area around you. [Deep Dwarf growth]
 26826 | Shoals:4 | Reached XP level 18. HP: 145/154 MP: 30/30
 26862 | Shoals:4 | Killed Ilsuiw
 26890 | Shoals:4 | Reached skill level 22 in Evocations
 26942 | Shoals:4 | Got a barnacled rune of Zot
 27130 | Shoals:4 | Got a scorched battleaxe
 27132 | Shoals:4 | Identified the +7 battleaxe of Neurosis {freeze, +Inv Dex+4 SInv} (You found it on level 4 of the Shoals)
 27133 | Shoals:4 | Found Puutz's Book Emporium.
 27731 | Vaults:1 | Entered Level 1 of the Vaults
 28055 | Vaults:1 | Reached skill level 23 in Evocations
 28206 | Vaults:1 | Found Biulimm's Magic Scroll Boutique.
 28229 | Vaults:1 | Bought a scroll of fear for 42 gold pieces
 28229 | Vaults:1 | Bought a scroll of remove curse for 36 gold pieces
 28229 | Vaults:1 | Bought a scroll of enchant weapon for 90 gold pieces
 28229 | Vaults:1 | Bought a scroll of enchant armour for 90 gold pieces
 28229 | Vaults:1 | Bought a scroll of identify for 24 gold pieces
 28229 | Vaults:1 | Bought a scroll of identify for 24 gold pieces
 28229 | Vaults:1 | Bought a scroll of enchant weapon for 90 gold pieces
 28388 | Vaults:1 | Reached skill level 9 in Fighting
 28420 | Vaults:1 | Got a coiled diamond amulet
 28421 | Vaults:1 | Identified the amulet "Uqeobil" {Gourm MR- Int+7 Dex-5 SInv} (You found it on level 1 of the Vaults)
 28707 | Vaults:1 | Reached skill level 10 in Fighting
 29143 | Vaults:2 | Found a staircase to the Crypt.
 29185 | Vaults:2 | Reached skill level 11 in Fighting
 29404 | Vaults:2 | Reached XP level 19. HP: 167/172 MP: 32/32
 29539 | Vaults:2 | Reached skill level 12 in Fighting
 29734 | Vaults:2 | Reached skill level 13 in Fighting
 30472 | Vaults:3 | Found Wiv Ovub's Gadget Shop.
 30483 | Vaults:3 | Reached skill level 13 in Armour
 30516 | Vaults:3 | Noticed Bai Suzhen
 30535 | Vaults:3 | Killed Bai Suzhen
 30560 | Vaults:3 | Reached skill level 14 in Armour
 30979 | Vaults:3 | Reached skill level 15 in Armour
 31408 | Vaults:3 | Reached XP level 20. HP: 187/187 MP: 33/33
 31413 | Vaults:3 | Reached skill level 16 in Armour
 31543 | Vaults:3 | Reached skill level 12 in Dodging
 31994 | Vaults:4 | Reached skill level 13 in Dodging
 32388 | Vaults:4 | Reached skill level 14 in Dodging
 33158 | Elf:1    | Entered Level 1 of the Elven Halls
 33252 | Elf:1    | Reached skill level 15 in Dodging
 33339 | Elf:1    | Identified the Almanac of Companions
 33476 | Elf:1    | Found Tair's Armour Boutique.
 33548 | Elf:1    | Noticed Asterion
 33552 | Elf:1    | Killed Asterion
 34024 | Elf:2    | Reached skill level 16 in Dodging
 34461 | Elf:2    | Reached XP level 21. HP: 194/194 MP: 34/34
 34535 | Elf:2    | Found a runed gate.
 34535 | Elf:2    | Found a runed gate.
 34535 | Elf:2    | Found a runed gate.
 34584 | Elf:2    | Cast into level 3 of the Abyss (lajatang of distortion)
 34589 | Abyss:3  | Paralysed by accursed screaming for 1 turns
 34594 | Abyss:3  | Got an abyssal rune of Zot
 34750 | Abyss:3  | Noticed a profane servitor
 34767 | Abyss:3  | Killed a profane servitor
 34845 | Elf:2    | Escaped the Abyss
 35050 | Elf:2    | Reached skill level 24 in Evocations
 35558 | Depths:1 | Entered Level 1 of the Depths
 35665 | Depths:1 | Got a twitching bronze ring
 35666 | Depths:1 | Identified the ring "Vobaur" {rCorr Str+8 Slay-3} (You found it on level 1 of the Depths)
 35672 | Depths:1 | Got a smoking iron ring
 35673 | Depths:1 | Identified the ring of Yhitiraz {+Blink MR+ Int+6} (You found it on level 1 of the Depths)
 35691 | Depths:1 | Got a steaming leather armour
 35692 | Depths:1 | Identified the +3 leather armour "Ygicu" {rN++ Dex+3} (You found it on level 1 of the Depths)
 35850 | Depths:1 | Found a gateway to Hell.
 35985 | Depths:1 | Noticed Mara
 35991 | Depths:1 | Noticed HaroldButt's illusion
 36012 | Depths:1 | Noticed Aizul
 36013 | Depths:1 | Noticed Sojobo
 36060 | Depths:1 | Killed Aizul
 36089 | Depths:1 | Killed Sojobo
 36222 | Depths:1 | Noticed HaroldButt's illusion
 36483 | Crypt:1  | Entered Level 1 of the Crypt
 36498 | Crypt:1  | Reached skill level 25 in Evocations
 36698 | Crypt:1  | Noticed Frederick
 36709 | Crypt:1  | Killed Frederick
 36825 | Crypt:1  | Noticed Jorgrun
 36835 | Crypt:1  | Killed Jorgrun
 37387 | Crypt:2  | Noticed Saint Roka
 37416 | Crypt:2  | Killed Saint Roka
 37516 | Crypt:2  | Found a magical portal.
 37523 | WizLab   | Entered Doroklohe's Tomb
 37727 | WizLab   | Reached skill level 21 in Axes
 37732 | WizLab   | Noticed a greater mummy
 37746 | WizLab   | Killed a greater mummy
 37746 | WizLab   | Reached XP level 22. HP: 104/199 MP: 35/35
 37865 | WizLab   | Identified the +3 ice dragon armour "Huweziew" {rF- rC++ rCorr Str+3 Dex-5 Slay+3} (You found it in a wizard's laboratory)
 37878 | WizLab   | Got a steaming scale mail
 38071 | Crypt:2  | HP: 2/202 [ancient champion/stone arrow (21)]
 38298 | Crypt:2  | Reached skill level 22 in Axes
 39369 | Slime:1  | Entered Level 1 of the Pits of Slime
 39714 | Slime:2  | Reached skill level 23 in Axes
 40427 | Slime:2  | Gained mutation: Your magical capacity is low. (-10% MP) [a shining eye]
 40429 | Slime:2  | Gained mutation: You are frail. (-10% HP) [a shining eye]
 40431 | Slime:2  | Lost mutation: Your magical capacity is low. (-10% MP) [potion of cure mutation]
 40431 | Slime:2  | Lost mutation: You are frail. (-10% HP) [potion of cure mutation]
 40714 | Slime:4  | Gained mutation: Your magical capacity is low. (-10% MP) [a shining eye]
 40960 | Slime:5  | Entered Level 5 of the Pits of Slime
 41021 | Slime:5  | Reached XP level 23. HP: 203/210 MP: 30/30
 41024 | Slime:5  | Reached skill level 24 in Axes
 41539 | Slime:5  | Found a viscous altar of Jiyva.
 41629 | Slime:5  | Noticed the Royal Jelly
 41637 | Slime:5  | Killed the Royal Jelly
 41637 | Slime:5  | Reached skill level 25 in Axes
 41717 | Slime:5  | Identified the Incunabulum of Dislocation and Lightness
 41769 | Slime:5  | Got a slimy rune of Zot
 41777 | Slime:5  | Identified the Papyrus of Bread
 41803 | Slime:5  | Got a smelly leather armour
 41836 | Slime:5  | Identified the +1 leather armour of the Guardian {rPois} (You found it on level 5 of the Pits of Slime)
 41845 | Slime:5  | Gained mutation: You are dopey. (Int -2) [mutagenic glow]
 41846 | Slime:5  | Identified the +5 scale mail of the Blind Marksman {rElec rF+ Str+2} (You found it in a wizard's laboratory)
 41874 | Slime:5  | Got a smoking battleaxe
 41877 | Slime:5  | Identified the +11 battleaxe "Enufutud" {elec, rN++} (You found it on level 5 of the Pits of Slime)
 41895 | Slime:5  | Got an iridescent battleaxe
 41896 | Slime:5  | Identified the +10 battleaxe of Ekkuabarr {elec, rElec MR+ Str+2} (You found it on level 5 of the Pits of Slime)
 42179 | Elf:3    | Entered Level 3 of the Elven Halls
 42291 | Elf:3    | Found a deep blue altar of Sif Muna.
 42834 | Elf:3    | Reached skill level 26 in Axes
 43119 | Elf:3    | Got a vibrating wooden ring
 43121 | Elf:3    | Identified the ring "Cueph" {rF+ MP+9 Int+4} (You found it on level 3 of the Elven Halls)
 43193 | Elf:3    | Got a transparent lead ring
 43196 | Elf:3    | Identified the ring "Maysom" {*Tele Int+2} (You took it off a deep elf death mage on level 3 of the Elven Halls)
 43305 | Elf:3    | Reached skill level 26 in Evocations
 43989 | Depths:1 | Noticed HaroldButt's illusion
 43993 | Depths:1 | Killed Mara
 44212 | Depths:2 | Reached XP level 24. HP: 217/217 MP: 31/31
 44330 | Depths:2 | Reached skill level 27 in Evocations
 44418 | Depths:2 | Found Ivuufeudax's Jewellery Shoppe.
 44419 | Depths:2 | Found Coxkaock's Gadget Shop.
 44421 | Depths:2 | Found Fozasm's Jewellery Shoppe.
 44437 | Depths:2 | Bought the amulet of Vitality {Regen+ HP+15} for 703 gold pieces
 44500 | Depths:2 | Bought the amulet "Quisimus" {Gourm rC+ MP+9 Dex+3 Stlth+} for 690 gold pieces
 44570 | Depths:2 | Found a one-way gate to the infinite horrors of the Abyss.
 45132 | Depths:3 | Reached skill level 17 in Armour
 45208 | Depths:3 | Reached skill level 18 in Armour
 45696 | Depths:3 | Found a one-way gate leading to the halls of Pandemonium.
 45816 | Depths:3 | Reached skill level 19 in Armour
 46349 | Depths:4 | Found a corrupted altar of Lugonu.
 46438 | Depths:4 | Reached skill level 20 in Armour
 46603 | Depths:4 | Found Xaeraxif's Food Shop.
 46798 | Depths:4 | Reached XP level 25. HP: 214/225 MP: 31/31
 46944 | Depths:4 | Got a warped silver ring
 46946 | Depths:4 | Identified the ring of Activism {rPois Str+2 Int+4 Slay+3} (You found it on level 4 of the Depths)
 46986 | Depths:4 | Reached skill level 17 in Dodging
 47216 | Depths:4 | Noticed a juggernaut
 47230 | Depths:4 | Killed a juggernaut
 47260 | Depths:4 | Reached skill level 18 in Dodging
 47476 | Depths:5 | Entered Level 5 of the Depths
 47561 | Depths:5 | Found a gate to the Realm of Zot.
 47641 | Depths:5 | Reached skill level 19 in Dodging
 47827 | Depths:5 | Found a gateway to a ziggurat.
 48568 | Crypt:3  | Entered Level 3 of the Crypt
 48597 | Crypt:3  | Reached skill level 20 in Dodging
 48844 | Crypt:3  | Found a basalt altar of Yredelemnul.
 48857 | Crypt:3  | Noticed Boris
 48884 | Crypt:3  | Killed Boris
 48895 | Crypt:3  | Reached skill level 14 in Fighting
 49124 | Crypt:3  | Reached XP level 26. HP: 240/240 MP: 31/31
 49131 | Crypt:3  | Reached skill level 15 in Fighting
 49220 | Crypt:3  | Got an ancient chain mail
 49232 | Crypt:3  | Identified the +1 chain mail of Incorporation {*Drain rPois rCorr Stlth+} (You took it off a death knight on level 3 of the Crypt)
 49293 | Crypt:3  | Noticed Mennas
 49314 | Crypt:3  | Killed Mennas
 49406 | Crypt:3  | Noticed Jory
 49429 | Crypt:3  | Killed Jory
 49434 | Crypt:3  | Found a staircase to the Tomb.
 49466 | Crypt:3  | Reached skill level 16 in Fighting
 49468 | Crypt:3  | Identified the Volume of Evil Arts
 49688 | Tomb:1   | Entered Level 1 of the Tomb of the Ancients
 50101 | Tomb:1   | Noticed a greater mummy
 50227 | Tomb:1   | Killed a greater mummy
 50666 | Pan      | Entered Pandemonium
 50671 | Pan      | Gained mutation: You tend to lose your temper in combat. [a neqoxec]
 50674 | Pan      | Gained mutation: Your system is resistant to poisons. (rPois) [a neqoxec]
 50687 | Pan      | Reached skill level 17 in Fighting
 50708 | Pan      | Noticed Cijaum the pandemonium lord
 50718 | Pan      | Paralysed by Cijaum for 5 turns
 50739 | Pan      | Killed Cijaum the pandemonium lord
 50802 | Pan      | Lost mutation: Your magical capacity is low. (-10% MP) [potion of cure mutation]
 50802 | Pan      | Lost mutation: Your system is resistant to poisons. (rPois) [potion of cure mutation]
 50802 | Pan      | Lost mutation: You are dopey. (Int -2) [potion of cure mutation]
 50802 | Pan      | Lost mutation: You tend to lose your temper in combat. [potion of cure mutation]
 50886 | Pan      | Gained mutation: You occasionally shout uncontrollably at your foes. [a neqoxec]
 50887 | Pan      | Gained mutation: Your magical capacity is low. (-10% MP) [a neqoxec]
 51069 | Pan      | Gained mutation: You are weak. (Str -2) [a neqoxec]
 51071 | Pan      | Gained mutation: You are frail. (-10% HP) [a neqoxec]
 51097 | Pan      | Found an exit through the horrors of the Abyss.
 51103 | Pan      | Gained mutation: Your spells are a little harder to cast, but a little more powerful. [a neqoxec]
 51109 | Pan      | Gained mutation: You expend magic power (3 MP) to strengthen your wands. [a neqoxec]
 51496 | Pan      | Gained mutation: Armour fits poorly on your strangely shaped body. [a neqoxec]
 51536 | Pan      | Gained mutation: You are dopey. (Int -2) [a neqoxec]
 51537 | Pan      | Gained mutation: You are very dopey. (Int -4) [a neqoxec]
 51621 | Pan      | Gained mutation: Your magical capacity is very low. (-20% MP) [a neqoxec]
 51622 | Pan      | Gained mutation: Scrolls take you a little longer to read. [a neqoxec]
 51667 | Pan      | Lost mutation: You are very dopey. (Int -4) [potion of cure mutation]
 51667 | Pan      | Lost mutation: You are weak. (Str -2) [potion of cure mutation]
 51667 | Pan      | Lost mutation: You occasionally shout uncontrollably at your foes. [potion of cure mutation]
 51667 | Pan      | Lost mutation: Scrolls take you a little longer to read. [potion of cure mutation]
 51673 | Pan      | Got a transparent golden ring
 51676 | Pan      | Upgraded the game from 0.19-a0-1111-gcceb26a to 0.19-a0-1127-gac58878
 51676 | Pan      | Upgraded the game from 0.19-a0-1127-gac58878 to 0.19-a0-1155-gb6eeeff
 51687 | Pan      | Reached skill level 18 in Fighting
 51958 | Pan      | Found an exit through the horrors of the Abyss.
 51999 | Pan      | Gained mutation: You are very dopey. (Int -4) [a cacodemon]
 52005 | Pan      | Gained mutation: You are weak. (Str -2) [a cacodemon]
 52103 | Pan      | HP: 22/228 [??? (8)]
 52106 | Pan      | HP: 7/228 [sun demon (5)]
 52115 | Pan      | Slain by a reaper

Vanquished Creatures
  the Royal Jelly (Slime:5)
  A pandemonium lord (Pan)
  Mara (Depths:1)
  Mennas (Crypt:3)
  A juggernaut (Depths:4)
  Sojobo (Depths:1)
  2 greater mummies
  Boris (Crypt:3)
  Frederick (Crypt:1)
  Bai Suzhen (Vaults:3)
  Saint Roka (Crypt:2)
  A caustic shrike (Depths:3)
  4 golden dragons
  2 profane servitors
  Jory (Crypt:3)
  2 bone dragons
  Jorgrun (Crypt:1)
  2 tentacled monstrosities
  3 liches
  A titan (Depths:4)
  Asterion (Elf:1)
  2 deep elf blademasters (Elf:3)
  26 acid blobs
  3 krakens
  An Executioner (Pan)
  2 deep elf master archers (Elf:3)
  7 sphinxes
  7 tengu reavers
  4 shadow dragons
  3 storm dragons
  2 tentacled starspawn (Abyss:3)
  4 ancient champions
  A draconian monk (Depths:5)
  11 azure jellies
  6 fire giants
  3 revenants
  5 frost giants
  2 corrupters (Pan)
  8 deep elf sorcerers
  5 emperor scorpions
  A balrug (Depths:2)
  3 curse skulls (Crypt:2)
  Louise (Spider:3)
  5 ghost moths
  A cacodemon (Pan)
  12 vault wardens
  Aizul (Depths:1)
  An iron dragon (Depths:4)
  An orc warlord (Orc:1)
  3 deep elf elementalists
  3 warmongers (Pan)
  A draconian shifter (Depths:5)
  A juggernaut zombie (WizLab)
  8 ghouls
  4 spriggan defenders (Depths:3)
  12 reapers
  11 ironheart preservers
  2 caustic shrike skeletons (Depths:4)
  17 stone giants
  2 entropy weavers (Lair:6)
  15 very ugly things
  16 vampire knights
  A black draconian (Depths:5)
  A green draconian (Depths:5)
  Nessos (D:15)
  A yellow draconian (Depths:5)
  9 deep elf annihilators
  10 deep elf demonologists
  3 mottled draconians (Depths:5)
  3 lorocyprocas (Pan)
  Azrael (Spider:1)
  15 spark wasps
  A purple draconian (Depths:5)
  A red draconian (Depths:5)
  3 eidola
  2 blizzard demons (Pan)
  The ghost of HAL9000 the Transmogrifier, a journeyman DrTm of Hepliaklqana (Lair:3)
  The ghost of Sagrath01 the Spear-Bearer, a journeyman OpIE of Hepliaklqana (Lair:6)
  2 mummy priests
  2 merfolk impalers
  14 deep elf death magi
  3 merfolk javelineers (Shoals:4)
  9 ettins
  2 crystal guardians
  10 death oozes (Slime:5)
  15 ogre magi
  9 fire dragons
  Josephine (Spider:1)
  18 jiangshi
  3 deep elf high priests (Elf:3)
  12 great orbs of eyes
  Fannar (Lair:2)
  15 yaktaur captains
  8 ice dragons
  6 rakshasas
  A ghost crab (shapeshifter) (Depths:3)
  7 hydras
  5 vault guards
  A hell beast (Pan)
  A quicksilver dragon skeleton (Crypt:2)
  13 centaur warriors
  An alligator snapping turtle (Shoals:3)
  6 merfolk avatars
  2 monstrous demonspawn (Pan)
  3 spriggan air magi
  23 dancing weapons
  12 death knights
  A merfolk aquamancer (Shoals:4)
  5 deep troll shamans
  A queen ant (Lair:6)
  6 tengu warriors
  7 deep troll earth magi
  4 satyrs (Shoals:4)
  3 vampire magi
  Urug (Lair:5)
  5 orc high priests
  4 spriggan berserkers
  4 soul eaters
  2 spriggans (Depths:3)
  2 storm dragon zombies
  8 sun demons
  A fire crab (shapeshifter) (Depths:3)
  34 deep elf knights
  4 shadow wraiths
  3 wretched stars (Abyss:3)
  An iron troll (Depths:3)
  5 large abominations
  54 skeletal warriors
  A fire crab (Lair:5)
  4 unseen horrors
  A spatial maelstrom (Abyss:3)
  2 gelid demonspawn (Pan)
  An anaconda zombie (Crypt:1)
  An orange crystal statue (Depths:1)
  4 giant orange brains
  10 sea snakes
  23 deep trolls
  10 wizards
  11 flayed ghosts
  A quicksilver dragon simulacrum (Crypt:2)
  A hill giant (shapeshifter) (Elf:3)
  An infernal demonspawn (Pan)
  7 putrid demonspawn (Pan)
  A torturous demonspawn (Pan)
  21 phantasmal warriors
  15 harpies
  9 hill giants
  6 necromancers
  27 deep elf archers
  A tengu zombie (WizLab)
  An iron dragon zombie (Crypt:1)
  13 ironbrand convokers
  2 wolf spider zombies
  25 orb spiders
  A harpy (shapeshifter) (D:15)
  6 orc knights
  An orb spider (shapeshifter) (Depths:2)
  A shadow dragon skeleton (Crypt:2)
  2 fire giant zombies
  34 wolf spiders
  15 griffons
  9 hornets
  91 deep elf magi
  5 shining eyes
  8 cyclopes
  3 human zombies (WizLab)
  20 ugly things
  A stone giant zombie (WizLab)
  An iron dragon skeleton (Crypt:1)
  12 manticores
  10 fauns
  A hornet (shapeshifter) (Vaults:3)
  A sphinx skeleton (Depths:4)
  5 orc sorcerers
  An octopode (shapeshifter) (Vaults:3)
  5 moths of wrath
  14 sirens
  2 eyes of devastation
  5 sixfirhies
  16 elephants
  A demonspawn zombie (WizLab)
  A guardian serpent (shapeshifter) (Depths:4)
  4 water nymphs
  10 vault sentinels
  2 gargoyles
  3 torpor snails
  8 black mambas
  A guardian serpent (Abyss:3)
  2 rust devils
  2 smoke demons (Pan)
  21 spiny frogs
  2 hellions (Pan)
  12 demonic crawlers
  6 small abominations
  65 yaktaurs
  9 komodo dragons
  An ice devil (Pan)
  9 freezing wraiths
  9 guardian mummies
  A purple draconian skeleton (Crypt:2)
  3 red devils (Pan)
  A queen bee (shapeshifter) (Vaults:1)
  17 merfolk
  4 trolls
  A polar bear (Lair:4)
  A merfolk (shapeshifter) (Depths:4)
  2 catoblepas skeletons
  5 giant leeches (Lair:6)
  A hellwing (Pan)
  2 meliai (shapeshifter)
  37 jumping spiders
  A wolf spider simulacrum (D:15)
  A harpy skeleton (Crypt:2)
  6 wind drakes
  An ushabti (Tomb:1)
  24 two-headed ogres
  13 blink frogs
  A moth of wrath zombie (Crypt:1)
  6 snapping turtles
  138 slime creatures
  6 boulder beetles
  2 spriggan zombies (WizLab)
  5 bog bodies
  A deep troll zombie (WizLab)
  A hydra skeleton (Crypt:1)
  An ice dragon zombie (WizLab)
  A stone giant simulacrum (Crypt:1)
  70 redbacks
  2 ettin skeletons
  54 flying skulls
  2 ice dragon skeletons
  25 wraiths
  3 ynoxinuls
  A redback (shapeshifter) (Vaults:2)
  An air elemental (Elf:2)
  5 shadows
  A deep troll skeleton (D:15)
  7 wyverns
  34 yaks
  16 tarantellas
  5 water elementals
  2 fire bats (Depths:1)
  A human (D:10)
  3 fire elementals
  A golden eye (shapeshifter) (Vaults:1)
  2 chaos spawn (Pan)
  14 neqoxecs
  9 hippogriffs
  4 hungry ghosts
  Grum (D:9)
  A hog (shapeshifter) (Vaults:4)
  10 vampire mosquitoes
  Menkaure (D:5)
  5 wargs
  15 soldier ants
  3 mottled dragons
  A putrid demonspawn zombie (Crypt:2)
  A swamp worm (shapeshifter) (Depths:4)
  14 water moccasins
  A hydra simulacrum (Crypt:3)
  2 hell hounds (Spider:1)
  6 porcupines
  38 orc warriors
  A black bear (D:10)
  A wasp (shapeshifter) (Depths:2)
  6 sky beasts
  A spiny frog skeleton (Crypt:1)
  An ice beast (shapeshifter) (Depths:3)
  2 eyes of draining (shapeshifter)
  13 eyes of draining
  7 phantoms
  4 ice beasts
  38 ogres
  2 ettin simulacra
  6 wasps
  8 necrophages
  A snapping turtle zombie (Crypt:1)
  10 boggarts
  25 centaurs
  A wolf (shapeshifter) (Vaults:1)
  9 wolves
  A lindwurm skeleton (Crypt:1)
  19 crocodiles
  4 big kobolds
  2 yaktaur zombies (WizLab)
  29 giant frogs
  A wyvern zombie (D:10)
  A water moccasin zombie (Crypt:2)
  2 gnoll sergeants
  A polar bear zombie (Crypt:1)
  A human simulacrum (Vaults:3)
  2 scorpions
  A snapping turtle simulacrum (Crypt:3)
  A shapeshifter zombie (Crypt:2)
  7 killer bees
  A spriggan skeleton (Crypt:1)
  A howler monkey (D:5)
  11 wights
  5 electric eels
  7 crimson imps
  2 giant frog zombies
  A centaur zombie (D:6)
  3 quasits
  A wasp zombie (D:11)
  18 starcursed masses (Abyss:3)
  A giant frog skeleton (D:10)
  31 orc priests
  2 centaur skeletons
  8 hounds
  7 jellies
  25 orc wizards
  An iron imp (Abyss:3)
  8 iguanas
  35 worker ants
  Ijyb (D:3)
  A killer bee zombie (D:8)
  13 sheep
  A deep dwarf zombie (Crypt:1)
  A naga zombie (Crypt:1)
  A demigod skeleton (Crypt:2)
  A hound skeleton (D:5)
  2 mummies (Tomb:1)
  2 worker ant zombies
  16 gnolls
  12 adders
  25 river rats
  7 shadow imps
  2 ufetubi (Depths:3)
  2 oozes
  A worm zombie (Crypt:1)
  A lava snake zombie (Crypt:1)
  2 adder skeletons
  A lava snake skeleton (Crypt:1)
  A worm (D:2)
  A dart slug (D:1)
  8 giant geckos
  91 orcs
  A ball python (D:1)
  10 bats
  7 giant cockroaches
  10 goblins
  9 hobgoblins
  6 jackals
  7 quokkas
  4 giant newts
  A giant newt skeleton (Crypt:2)
  A goblin skeleton (Crypt:2)
  A jackal skeleton (D:7)
  A jackal zombie (D:8)
  27 kobolds
  A kobold zombie (Crypt:1)
  A quokka skeleton (D:5)
  3 rats (D:2)
  5 bushes (Elf:1)
  10 crawling corpses
  3 fungi
  15 plants
  7 tentacles
2647 creatures vanquished.

Vanquished Creatures (collateral kills)
  Arachne (Spider:4)
  An acid blob (Slime:2)
  Ilsuiw (Shoals:4)
  A deep elf sorcerer (Elf:3)
  A cacodemon (Depths:3)
  A shining eye (Slime:4)
  A rust devil (Depths:3)
  An eye of devastation (Slime:3)
  A demonic crawler (Spider:4)
  A snapping turtle (Shoals:4)
  A slime creature (Slime:4)
  A ynoxinul (Depths:3)
  A crimson imp (Depths:3)
13 creatures vanquished.

Vanquished Creatures (others)
  A tengu reaver (Depths:5)
  A deep elf sorcerer (Elf:3)
  A ghost moth (Spider:4)
  A deep elf elementalist (Elf:3)
  An ironheart preserver (Vaults:2)
  2 stone giants
  A merfolk aquamancer (Shoals:4)
  A spriggan (Depths:3)
  3 wizards (D:10)
  A deep elf archer (Elf:1)
  A deep elf mage (Elf:1)
  A wasp (Depths:3)
  A sky beast (D:12)
  An ogre (Vaults:2)
  A boggart (D:10)
  A bush (Depths:4)
  14 fungi
  2 lurking horrors (Abyss:3)
  47 plants
  4 starspawn tentacles (Abyss:3)
  11 tentacles
97 creatures vanquished.

Grand Total: 2757 creatures vanquished
